AoeStats
← Mashu

Hideout

509087841Analyzed
1v1 RM · 5d ago on Sep 25, 2026· 67m 41s· 2 players
Game mode
Random Map
Map size
Tiny (2 player)
Population
200
Speed
Normal
Resources
Standard
Victory
Conquest
Starting age
Dark Age
Ending age
Imperial Age
RankedLock teamsTeams togetherTeam positionsShared explorationLock speedFull tech treeHidden civsTurbo modeCheats
Victory
Defeat
🇺🇸 Maya · United States
689
+18
🇮🇳 Bohemians · India
734
-18
Mashu
6:08 Loom
10:49 Feudal Age
11:12 Horse Collar
11:20 Double-Bit Axe
14:13 Wheelbarrow
18:57 Castle Age
17:12 Gold Mining
18:22 Forging
19:57 Scale Mail Armor
19:26 Eagle Warrior
20:11 Heavy Plow
20:23 Bow Saw
20:40 Town Watch
23:07 Squires
23:22 Town Patrol
25:13 Stone Mining
26:30 Hand Cart
27:22 Iron Casting
27:53 Chain Mail Armor
27:46 Arson
27:57 Fletching
33:30 Bodkin Arrow
37:01 Imperial Age
34:26 Elite Skirmisher
36:16 Stone Shaft Mining
36:16 Thumb Ring
36:49 Masonry
37:31 Hul'che Javelineers
40:42 Blast Furnace
39:42 Bracer
39:43 Padded Archer Armor
39:44 Elite Eagle Warrior
41:28 Holcans
43:09 Chemistry
42:29 Ballistics
41:40 Capped Ram
50:46 Architecture
50:37 Leather Archer Armor
50:53 Plate Mail Armor
53:04 Crop Rotation
53:37 Two-Man Saw
54:18 Conscription
55:40 Elite Plumed Archer
56:06 Siege Ram
60:45 Ring Archer Armor
61:47 Onager
Chota Fanta
2:51 Loom
11:02 Feudal Age
16:38 Castle Age
15:42 Double-Bit Axe
33:44 Imperial Age
31:54 Bow Saw
37:02 Chemistry
36:23 Ballistics
37:11 Wheelbarrow
38:45 Elite Skirmisher
39:54 Conscription
41:17 Hand Cart
44:46 Man-at-Arms
45:27 Squires
45:12 Arson
44:48 Pikeman
46:28 Husbandry
45:49 Light Cavalry
48:59 Two-Man Saw
47:59 Fletching
48:10 Padded Archer Armor
48:20 Forging
48:11 Scale Mail Armor
48:16 Scale Barding Armor
47:55 Long Swordsman
47:56 Halberdier
48:40 Two-Handed Swordsman
48:43 Cavalier
48:44 Light Cavalry
49:21 Bodkin Arrow
49:41 Leather Archer Armor
51:38 Iron Casting
51:18 Chain Mail Armor
51:23 Champion
52:37 Bracer
Connection lost

Rejoining the realm…

Still unreachable

The connection could not be restored.

Session expired

The server has moved on; the page needs a fresh start.